 Dungeon Crawl Stone Soup version 0.21-a0-404-g291f19a (webtiles) character file.

45 n0claF the Chopper (level 3, -8/30 HPs)
             Began as a Minotaur Gladiator on Oct 30, 2017.
             Mangled by Sigmund
             ... wielding a +0 scythe
              (13 damage)
             ... on level 2 of the Dungeon.
             The game lasted 00:02:21 (759 turns).

n0claF the Chopper (Minotaur Gladiator)              Turns: 759, Time: 00:02:22

Health: -8/30      AC:  5    Str: 19    XL:     3   Next: 42%
Magic:  2/2        EV: 12    Int:  5    God:
Gold:   79         SH:  0    Dex: 11    Spells: 2/2 levels left

rFire    . . .     SeeInvis .   e - +3 whip
rCold    . . .     Gourm    .   (no shield)
rNeg     . . .     Faith    .   i - +0 ring mail
rPois    .         Spirit   .   c - +0 hat
rElec    .         Reflect  .   (no cloak)
rCorr    .         Harm     +   (no gloves)
MR       .....                  (no boots)
Stlth    +.........             h - amulet of harm
HPRegen  0.10/turn              (no ring)
MPRegen  0.08/turn              (no ring)

@: no status effects
A: retaliatory headbutt, horns 2
a: no special abilities


You were on level 2 of the Dungeon.
You were not hungry.

You visited 1 branch of the dungeon, and saw 2 of its levels.

You collected 79 gold pieces.

Inventory:

Hand Weapons
 a - a +0 war axe
 e - a +3 whip (weapon)
Missiles
 d - 3 throwing nets (quivered)
Armour
 c - a +0 hat (worn)
 i - a +0 ring mail (worn)
Jewellery
 h - an amulet of harm (around neck)
Scrolls
 b - a scroll of enchant weapon {unknown}
 g - 2 scrolls of remove curse {unknown}
 m - a scroll of identify {unknown}
Potions
 j - a potion of heal wounds {unknown}
 l - a potion of resistance {unknown}
Comestibles
 f - a bread ration
 k - a royal jelly


   Skills:
 + Level 2.8 Fighting
 + Level 4.3(4.4) Axes
 + Level 0.4(2.7) Maces & Flails
 + Level 2.3 Throwing
 + Level 0.2 Armour
 + Level 3.9 Dodging


You had 2 spell levels left.
You didn't know any spells.

Dungeon Overview and Level Annotations

Branches:
Dungeon (2/15)

Altars:

Annotations:
D:2 Sigmund, Terence


Innate Abilities, Weirdness & Mutations

You reflexively headbutt those who attack you in melee.
You have a pair of horns on your head.


Message History

Terence hits you but does no damage.
You hit Terence.
Terence is moderately wounded.
Terence barely misses you.
You hit Terence but do no damage.
Terence is moderately wounded.
Sigmund gestures wildly while chanting.
Sigmund flickers and vanishes!
Deactivating autopickup; reactivate with Ctrl-A.
Terence hits you but does no damage.
The rat twitches its whiskers.
Something hits you! Something barely misses you.
There are monsters nearby!
You are too injured to fight recklessly!
You are too injured to fight recklessly!
Something hits you.
* * * LOW HITPOINT WARNING * * *
Something hits you!
You die...

#..(.......#
#......†...#
#..........#
#..........#
#.....<...<#
#.....>...†##
.......
########....#####
....r..
####.....###
.g.g...
#####.@{###
$..... ###...#
.....
###@#####..####
#.g..gg.....#
######..###..
#.(.# #.#.# !. ..
... .##


You could see Terence and a goblin.

Vanquished Creatures
  A gnoll (D:1)
  An adder (D:2)
  2 dart slugs (D:1)
  A worm (D:2)
  2 giant cockroaches (D:1)
  2 goblins (D:1)
  3 hobgoblins
  2 jackals (D:1)
  A ball python (D:1)
  A bat (D:1)
  A frilled lizard (D:1)
  A kobold (D:1)
  2 rats (D:1)
20 creatures vanquished.

Notes
Turn   | Place    | Note
-------+----------+-------------------------------------------
     0 | D:1      | n0claF the Minotaur Gladiator began the quest for the Orb.
     0 | D:1      | Reached XP level 1. HP: 18/18 MP: 0/0
     5 | D:1      | Reached skill level 4 in Axes
     5 | D:1      | Reached XP level 2. HP: 14/25 MP: 1/1
   445 | D:1      | Reached XP level 3. HP: 20/30 MP: 2/2
   738 | D:2      | Noticed Terence
   739 | D:2      | Noticed Sigmund
   759 | D:2      | Mangled by Sigmund

Vault maps used:
D:1:      eino_arrival_cavern_d
D:2:      uniq_robin, uniq_sigmund, uniq_terence

Skill      XL: |  1 |
---------------+----+-----
Axes           | 4 |  4.3
Fighting       | |  2.8
Maces & Flails | |  0.4
Throwing       | |  2.3
Armour         | |  0.2
Dodging        | |  3.9

Action                   || total
-------------------------++-------
Melee: War axe           ||     2
       Headbutt          ||     6
       Whip              ||    51
Armor: Ring mail         ||    13
       Leather armour    ||     4
Dodge: Dodged            ||    36

Table legend:
 A = Spawn XP
 B = Non-spawn XP
 C = Spawn XP percentage of total XP
 D = Spawn monster count
 E = Non-spawn monster count
 F = Spawn count percentage of total count
 G = Total turns spent on level
                    A         B        C        D         E        F      G
               +---------+---------+-------+---------+---------+-------+---------
         Total |       0 |      65 |   0.0 |       0 |      20 |   0.0 |   759
               +---------+---------+-------+---------+---------+-------+---------
           D:1 |       0 |      45 |   0.0 |       0 |      17 |   0.0 |   699
           D:2 |       0 |      20 |   0.0 |       0 |       3 |   0.0 |    60
               +---------+---------+-------+---------+---------+-------+---------
